 Dungeon Crawl Stone Soup version 0.31-a0-217-g58bb5d79cf (webtiles) character file.

Game seed: 11602954250114791719

267 qw the Shooter (level 6, -1/37 HPs)
             Began as a Gargoyle Hexslinger on July 2, 2023.
             Slain by a jackal (2 damage)
             ... on level 4 of the Dungeon.
             The game lasted 00:01:01 (2270 turns).

qw the Shooter (Gargoyle Hexslinger)                Turns: 2270, Time: 00:01:02

Health: -1/37      AC:  9    Str: 18    XL:     6   Next: 21%
Magic:  7/7        EV: 12    Int: 17    God:
Gold:   140        SH:  0    Dex: 14    Spells: 6/7 levels left

rFire   . . .        Y - +1 sling
rCold   . . .        (no shield)
rNeg    + + +        e - +2 robe of Darkness {Drain rN++ rCorr Int+4}
rPois   inf          h - +0 helmet
rElec   +            (no cloak)
rCorr   +            (no gloves)
SInv    .            (no boots)
Will    .....        (no amulet)
Stlth   +            c - +6 ring of strength
HPRegen 0.26/turn    (no ring)
MPRegen 0.10/turn

%: no passive effects
@: about to teleport
A: sickness immunity, AC +4, negative energy resistance 1, electricity
resistance, torment resistance 1, petrification resistance
a: no special abilities


You were on level 4 of the Dungeon.
You visited 1 branch of the dungeon, and saw 4 of its levels.

You collected 140 gold pieces.


Innate Abilities, Weirdness & Mutations

You are immune to sickness and miasma.
Your stone body is resilient. (AC +4)
You are immune to poison.
You resist negative energy. (rN+)
You are resistant to electric shocks. (rElec)
You are resistant to unholy torment.
You are immune to petrification.


   Skills:
 - Level 3.2 Fighting
 + Level 5.3 Ranged Weapons
 - Level 1.5 Armour
 - Level 1.5 Dodging
 - Level 1.0 Spellcasting
 - Level 2.6 Hexes


You had 6 spell levels left.
You knew the following spells:

 Your Spells              Type           Power      Damage    Failure   Level
a - Slow                  Hex            36%        N/A       7%          1

Your spell library contained the following spells:

 Spells                   Type           Power      Damage    Failure   Level
 Inner Flame              Hex/Fire       5%         N/A       36%         3
 Portal Projectile        Hex/Tloc       10%        N/A       36%         3
 Cause Fear               Hex            4%         N/A       56%         4

Inventory:

Hand Weapons
 Y - a +1 sling (weapon)
Armour
 e - the +2 robe of Darkness (worn) {Drain rN++ rCorr Int+4}
   (You found it on level 3 of the Dungeon)

   Int:       It affects your intelligence (+4).
   rN:        It greatly protects you from negative energy.
   rCorr:     It protects you from acid and corrosion.
   Drain:     It drains your maximum health when unequipped.
 h - a +0 helmet (worn)
Jewellery
 c - a +6 ring of strength (left hand)
 f - a ring of ice
Scrolls
 b - a scroll of identify
Potions
 a - a potion of curing {unknown}
 i - a potion of attraction {unknown}
 j - a potion of enlightenment
 k - a potion of lignification {unknown}
 m - a potion of heal wounds

Dungeon Overview and Level Annotations

Branches:
Dungeon (4/15)
 Temple: D:4-7

Altars:


Message History

You are frozen.
The iguana barely misses you.
You shoot a sling bullet.
The sling bullet hits the iguana but does no damage.
The iguana is severely wounded.
The jackal barely misses you.
The endoplasm hits you but does no damage.
The iguana barely misses you. The jackal misses you.
You shoot a sling bullet.
The sling bullet closely misses the iguana.
The jackal misses you.
The endoplasm hits you but does no damage.
The iguana bites you!
You shoot a sling bullet. The sling bullet hits the iguana.
The iguana is severely wounded.
The jackal barely misses you. The endoplasm freezes you.
You are frozen.
The iguana completely misses you. The jackal completely misses you.
You shoot a sling bullet. The sling bullet hits the iguana.
The iguana is almost dead.
The jackal bites you but does no damage.
The endoplasm freezes you.
You are frozen.
The iguana misses you.
You shoot a sling bullet.
The sling bullet hits the iguana but does no damage.
The iguana is almost dead.
The jackal completely misses you. The iguana misses you.
The endoplasm closely misses you. The jackal barely misses you.
You shoot a sling bullet.
The sling bullet closely misses the iguana.
The iguana barely misses you. The endoplasm misses you.
The jackal closely misses you. The endoplasm freezes you.
You are frozen.
The iguana bites you!
2270 ||| READING scroll of teleportation.
As you read the scroll of teleportation, it crumbles to dust.
You feel strangely unstable.
The jackal bites you but does no damage.
The jackal bites you.
You die...

~.....## ~......#
..[..#.# .....#.##
..)..#..###
#######...########
.# ###........#
#..#
###.###%.#...#
#.#..h@..#
#.#..Jl.##
#.#.....#
#.#.....#
#.#....>#
#.#.....#
........# .......#


You could see an iguana, an endoplasm and a jackal.

Vanquished Creatures
  2 scorpions (D:4)
  A hound (D:3)
  An iguana (D:4)
  Terence (D:3)
  An adder (D:3)
  2 worms
  A dart slug (D:3)
  An orc (D:3)
  9 endoplasms
  A giant cockroach (D:1)
  5 goblins
  3 hobgoblins (D:1)
  5 jackals
  5 kobolds
  2 quokkas (D:1)
  4 ball pythons
  A bat (D:3)
  3 frilled lizards (D:1)
  4 rats
52 creatures vanquished.

Notes
Turn   | Place    | Note
-------+----------+-------------------------------------------
     0 | D:1      | qw the Gargoyle Hexslinger began the quest for the Orb.
     0 | D:1      | Reached XP level 1. HP: 12/12 MP: 2/2
     0 | D:1      | 0 ||| qw: Version: 0.3-a-40-ge99b1a8
     0 | D:1      | 0 ||| qw: Game counter: 7974
     0 | D:1      | 0 ||| qw: Melee chars always use a shield: true
     0 | D:1      | 0 ||| qw: God list: Okawaru
     0 | D:1      | 0 ||| qw: Allow faded altars: false
     0 | D:1      | 0 ||| qw: Do Orc after clearing Dungeon:15 true
     0 | D:1      | 0 ||| qw: Do second Lair branch before Depths: true
     0 | D:1      | 0 ||| qw: Lair rune preference: random
     0 | D:1      | 0 ||| qw: Goals: Normal
     0 | D:1      | 0 ||| PLANNING D:1-11
   121 | D:1      | Reached XP level 2. HP: 16/16 MP: 3/3
   227 | D:1      | Reached skill level 3 in Ranged Weapons
   570 | D:1      | Reached XP level 3. HP: 21/21 MP: 4/4
   711 | D:1      | 711 ||| UPGRADING to +0 leather armour.
   721 | D:1      | 721 ||| DROPPING +0 robe.
   722 | D:1      | 722 ||| UPGRADING to +0 helmet.
   727 | D:1      | 727 ||| READING scroll labelled FILLOD NEITOTZ.
   728 | D:1      | 728 ||| READING 2 scrolls labelled TAXIBU ICHAFI.
   729 | D:1      | 729 ||| READING scroll labelled KADEXI WUMEMO.
   730 | D:1      | 730 ||| READING scroll labelled PUATELEORY.
   731 | D:1      | 731 ||| DROPPING scroll of poison.
   732 | D:1      | 732 ||| DROPPING scroll of fear.
   935 | D:2      | Found a faded altar of an unknown god.
  1393 | D:2      | 1393 ||| UPGRADING to +0 ring mail.
  1403 | D:2      | 1403 ||| DROPPING +0 leather armour.
  1404 | D:2      | 1404 ||| UPGRADING to +6 ring of strength.
  1405 | D:2      | 1405 ||| READING scroll labelled DEYTAV OSU.
  1408 | D:2      | 1408 ||| READING scroll labelled HUTSENL DETUD.
  1480 | D:3      | Identified the +2 robe of Darkness {Drain rN++ rCorr Int+4}
  1502 | D:3      | Reached XP level 4. HP: 23/26 MP: 5/5
  1566 | D:3      | Reached skill level 4 in Ranged Weapons
  1782 | D:3      | Noticed Terence
  1789 | D:3      | Killed Terence
  1790 | D:3      | Reached skill level 1 in Armour
  1790 | D:3      | Reached XP level 5. HP: 25/30 MP: 6/6
  2000 | D:3      | 2000 ||| UPGRADING to +2 robe of Darkness {Drain rN++ rCorr
                  | Int+4}.
  2010 | D:3      | 2010 ||| DROPPING +0 ring mail.
  2011 | D:3      | 2011 ||| READING scroll labelled ROGEUK RISEJULL.
  2012 | D:3      | 2012 ||| READING scroll labelled JIEXON FIOSUSASH.
  2013 | D:3      | 2013 ||| DRINKING 2 green potions.
  2014 | D:3      | 2014 ||| DRINKING 2 silvery potions.
  2109 | D:4      | Reached skill level 5 in Ranged Weapons
  2175 | D:4      | Reached skill level 3 in Fighting
  2175 | D:4      | Reached XP level 6. HP: 18/37 MP: 7/7
  2269 | D:4      | HP: 1/37 [iguana (11)]
  2270 | D:4      | 2270 ||| READING scroll of teleportation.
  2270 | D:4      | Slain by a jackal

Levels and vault maps discovered:
D:1:      moated_graveyard_arrival, layout_loops_ring
D:2:      layout_basic, basic_ecumenical_altar
D:3:      layout_loops_ring, uniq_terence
D:4:      layout_basic, mainiacjoe_overflow_brackets,
          nicolae_overflow_hidden_temple, minmay_temple_entry_fiery

Skill      XL: |  1  2  3  4  5 |
---------------+----------------+-----
Ranged Weapons | 3 4 5 |  5.3
Fighting       | 2 3 |  3.2
Armour         | 1 |  1.5
Dodging        | |  1.5
Spellcasting   | |  1.0
Hexes          | |  2.6

Action                     |  1- 3 |  4- 6 || total
---------------------------+-------+-------++-------
   Fire: Sling             |   150 |   110 ||   260
    Use: Scroll            |     6 |     3 ||     9
         Potion            |       |     2 ||     2
 Armour: Robe              |     4 |    33 ||    37
         Ring mail         |     4 |    11 ||    15
         Leather armour    |     2 |       ||     2
  Dodge: Dodged            |    34 |    73 ||   107

Table legend:
 A = Non-vault XP
 B = Vault XP
 C = Vault XP percentage of total XP
 D = Non-vault monster count
 E = Vault monster count
 F = Vault count percentage of total count
                 A         B        C        D         E       F
            +---------+---------+-------+---------+---------+-------
      Total |     352 |      30 |   7.9 |      51 |       1 |   1.9
            +---------+---------+-------+---------+---------+-------
        D:1 |      42 |       0 |   0.0 |      24 |       0 |   0.0
        D:2 |      21 |       0 |   0.0 |      11 |       0 |   0.0
        D:3 |      74 |      30 |  28.8 |      10 |       1 |   9.1
        D:4 |     215 |       0 |   0.0 |       6 |       0 |   0.0
            +---------+---------+-------+---------+---------+-------
